 Dungeon Crawl Stone Soup version 0.28-a0-872-g80cf8599ee (webtiles) character file.

Game seed: 17386931301127188502

125 tatocazan the Skirmisher (level 4, -2/37 HPs)
             Began as a Demonspawn Fighter on Nov 20, 2021.
             Slain by Eustachio (4 damage)
             ... on level 3 of the Dungeon.
             The game lasted 00:04:04 (3849 turns).

tatocazan the Skirmisher (Demonspawn Fighter)       Turns: 3849, Time: 00:04:05

Health: -2/37      AC:  6    Str: 18    XL:     4   Next: 82%
Magic:  4/4        EV:  7    Int:  9    God:
Gold:   112        SH: 12    Dex: 12    Spells: 3/3 levels left

rFire   . . .      SeeInvis .   a - +0 war axe
rCold   . . .      Faith    .   q - +0 kite shield
rNeg    . . .      Spirit   .   b - +0 scale mail
rPois   .          Reflect  .   (no helmet)
rElec   .          Harm     .   (no cloak)
rCorr   .          Rampage  .   (no gloves)
Will    .....                   (no boots)
Stlth   ..........              (no amulet)
HPRegen 0.12/turn               (no ring)
MPRegen 0.09/turn               (no ring)

@: about to teleport, attractive
A: large bone plates 1
a: no special abilities


You were on level 3 of the Dungeon.
You visited 1 branch of the dungeon, and saw 4 of its levels.

You collected 112 gold pieces.

Inventory:

Hand Weapons
 a - a +0 war axe (weapon)
Armour
 b - a +0 scale mail (worn)
 q - a +0 kite shield (worn)
Jewellery
 o - a ring of magical power
Scrolls
 f - a scroll of teleportation
 i - a scroll of fog {unknown}
 j - a scroll of holy word {unknown}
 l - 2 scrolls of enchant armour {unknown}
Potions
 k - a potion of flight
 p - a potion of cancellation


   Skills:
 + Level 3.6 Fighting
 * Level 3.1 Axes
 + Level 3.3 Armour
 + Level 3.3 Shields


You had 3 spell levels left.
You didn't know any spells.
Your spell library contained the following spells:

 Spells                   Type           Power      Damage    Failure   Level
 Foxfire                  Conj/Fire      0%         2x1d4     99%         1
 Conjure Flame            Conj/Fire      0%         6-21      100%        3
 Inner Flame              Hex/Fire       0%         N/A       100%        3
 Flame Wave               Conj/Fire      0%         3d3       100%        4


Dungeon Overview and Level Annotations

Branches:
Dungeon (4/15)
 Temple: D:4-7

Altars:

Annotations:
D:3 Eustachio


Innate Abilities, Weirdness & Mutations

You are partially covered in large bone plates. (SH +4)


Message History

You hit the iron imp but do no damage.
The iron imp is lightly wounded.
The iron imp disappears in a puff of smoke!
Eustachio casts a spell.
Eustachio screams, "At last I'll have my revenge!"
You hit the rat.
You kill the rat!
The rat's corpse disappears in a puff of smoke!
You miss Eustachio.
Eustachio is lightly wounded.
Eustachio casts a spell.
Eustachio hits you with a +2 rapier of protection.
* * * LOW HITPOINT WARNING * * *
You take 2 damage, and have 8/37 hp.
You hit Eustachio.
Eustachio is moderately wounded.
You block Eustachio's attack.
You hit Eustachio but do no damage.
Eustachio is moderately wounded.
Eustachio casts a spell.
Eustachio blinks!
Eustachio is attracted toward you.
You slash the rat!
You kill the rat!
The rat's corpse disappears in a puff of smoke!
You miss Eustachio.
Eustachio is moderately wounded.
Eustachio hits you but does no damage. You block Eustachio's attack.
You barely miss Eustachio.
Eustachio is moderately wounded.
You block Eustachio's attack.
Eustachio hits you with a +2 rapier of protection!
* * * LOW HITPOINT WARNING * * *
You take 8 damage, and have 1/37 hp.
MASSIVE DAMAGE!!
Your shield prevents you from hitting Eustachio.
Eustachio is moderately wounded.
Eustachio casts a spell.
As you read the scroll of teleportation, it crumbles to dust.
You feel strangely unstable.
Eustachio hits you with a +2 rapier of protection.
You die...

..### ....# ....#### ##.....#
.......# .....########
..#....##...### ##############
.##....#..#..5######.............
..###.....#...5@@5...#####>######
###.......#...########...........
#.....####§### #.≈≈≈≈÷≈≈≈≈≈
####....##5.@#######.≈≈≈≈.≈≈≈≈≈
#....#5rr5........≈≈≈≈.≈≈≈≈≈
###......)...####.≈≈≈≈.≈≈≈≈≈
#...#...)....####.≈≈≈≈......
#.......[.)....##.......≈≈≈≈
###.#.............≈≈≈≈≈.≈≈≈≈


You could see Eustachio, a quasit (summoned), a shadow imp (summoned) and an
ufetubus (summoned).

Vanquished Creatures
  An orc wizard (D:3)
  A hound skeleton (D:2)
  An adder (D:2)
  2 gnolls (D:3)
  A worm (D:2)
  8 orcs (D:3)
  6 ball pythons
  3 endoplasms
  4 giant cockroaches (D:1)
  2 goblins
  4 hobgoblins
  4 kobolds
  3 quokkas
  4 bats
  2 frilled lizards
  2 rats
48 creatures vanquished.

Vanquished Creatures (others)
  3 fungi (D:2)
3 creatures vanquished.

Grand Total: 51 creatures vanquished

Notes
Turn   | Place    | Note
-------+----------+-------------------------------------------
     0 | D:1      | tatocazan the Demonspawn Fighter began the quest for the
                  | Orb.
     0 | D:1      | Reached XP level 1. HP: 18/18 MP: 1/1
   211 | D:1      | Gained mutation: You are partially covered in large bone
                  | plates. (SH +4) [demonic ancestry]
   211 | D:1      | Reached XP level 2. HP: 24/24 MP: 2/2
  1291 | D:2      | Reached XP level 3. HP: 10/29 MP: 3/3
  2270 | D:3      | Reached XP level 4. HP: 19/35 MP: 4/4
  3762 | D:4      | Noticed Eustachio
  3847 | D:3      | HP: 1/37 [Eustachio (8)]
  3849 | D:3      | Slain by Eustachio

Illustrated notes

Levels and vault maps discovered:
D:1:      lightli_arrival_noodles, layout_basic
D:2:      layout_loops_ring, minmay_shallow_snake_nest
D:3:      layout_loops_ring, minivault_14, grunt_decor_resistance, minivault_19,
          hangedman_decor_push
D:4:      layout_basic, serial_shops, nicolae_shop_crystal, st_stairs_11,
          uniq_duvessa, uniq_blork_the_orc, uniq_grinder, uniq_edmund,
          uniq_eustachio

Skill      XL: |  1  2  3  4 |
---------------+-------------+-----
Axes           | 2 3 |  3.1
Armour         | 3 |  3.3
Shields        | 3 |  3.3
Fighting       | |  3.6

Action                   |  1- 3 |  4- 6 || total
-------------------------+-------+-------++-------
Melee: War axe           |   128 |    91 ||   219
  Use: Scroll            |       |     5 ||     5
       Potion            |       |     5 ||     5
Armor: Scale mail        |    61 |    35 ||    96
Dodge: Dodged            |    54 |    44 ||    98
Block: Buckler           |    64 |    19 ||    83
       Kite shield       |       |    41 ||    41

Table legend: (Time is in decaauts)
 A = Elapsed time spent in this place.
 B = Non-inter-level travel time spent in this place.
 C = Inter-level travel time spent in this place.
 D = Time resting spent in this place.
 E = Time spent auto-exploring this place.
 F = Levels seen in this place.
 G = Mean time per level.
                   A        B        C        D        E       F      G
               +--------+--------+--------+--------+--------+-----+--------+
         Total |   3950 |   3806 |    144 |   1034 |   2198 |   4 |  987.5 |
       Dungeon |   3950 |   3806 |    144 |   1034 |   2198 |   4 |  987.5 |
               +--------+--------+--------+--------+--------+-----+--------+

Top non-repeatable levels by time:
     D:3: 1400 daAuts
     D:2: 1303 daAuts
     D:1: 901 daAuts
     D:4: 345 daAuts
